AoeStats
← Winchar

Arena

509319149Analyzed
2v2 RM · 7d ago on Sep 26, 2026· 41m 9s· 4 players
Game mode
Random Map
Map size
Medium (4 player)
Population
200
Speed
Normal
Resources
Standard
Victory
Conquest
Starting age
Dark Age
Ending age
Imperial Age
RankedLock teamsTeams togetherTeam positionsShared explorationLock speedFull tech treeHidden civsTurbo modeCheats
Victory
Defeat
🇹🇷 Bohemians · Türkiye
888
+3
🇹🇷 Persians · Türkiye
614
+9
🇧🇬 Japanese · Bulgaria
511
-6
🇧🇬 Spanish · Bulgaria
479
-6
Lyubo04
0:51 Loom
14:22 Feudal Age
16:13 Double-Bit Axe
16:10 Horse Collar
25:49 Castle Age
35:01 Stone Mining
35:05 Gold Mining
35:59 Squires
36:48 Caravan
38:21 Crossbowman
39:02 Fletching
39:12 Padded Archer Armor
aleksbg02
0:40 Loom
11:35 Feudal Age
12:00 Double-Bit Axe
11:57 Horse Collar
12:04 Town Watch
12:54 Wheelbarrow
15:56 Stone Mining
16:06 Gold Mining
23:08 Castle Age
24:46 Padded Archer Armor
24:37 Fletching
25:05 Hand Cart
26:22 Bodkin Arrow
26:43 Leather Archer Armor
30:02 Ballistics
29:59 Caravan
32:55 Imperial Age
33:20 Murder Holes
33:35 Masonry
34:19 Ring Archer Armor
33:50 Bracer
34:18 Heavy Plow
34:31 Bow Saw
35:25 Elite Conquistador
40:09 Chemistry
38:54 Arrowslits
39:42 Architecture
39:23 Fortified Wall
41:01 Conscription
Winchar
10:15 Feudal Age
15:28 Castle Age
15:00 Double-Bit Axe
16:57 Bow Saw
26:47 Elite Skirmisher
29:54 Horse Collar
30:53 Padded Archer Armor
30:43 Fletching
34:02 Imperial Age
32:06 Ballistics
31:49 Loom
32:40 Wheelbarrow
34:41 Chemistry
36:13 Capped Ram
39:58 Houfnice
metehancakirmz
11:27 Feudal Age
12:31 Loom
14:21 Man-at-Arms
17:43 Double-Bit Axe
17:57 Horse Collar
21:28 Wheelbarrow
24:12 Castle Age
23:00 Gold Mining
23:01 Stone Mining
24:50 Husbandry
25:02 Bloodlines
26:41 Bow Saw
26:35 Heavy Plow
27:14 Gold Shaft Mining
27:51 Crossbowman
27:53 Elite Skirmisher
31:17 Hand Cart
30:48 Town Watch
31:14 Caravan
32:18 Town Patrol
33:10 Stone Shaft Mining
33:05 Light Cavalry
38:37 Imperial Age
36:24 Forging
36:15 Scale Mail Armor
36:16 Padded Archer Armor
36:41 Ballistics
38:54 Coinage
38:41 Siphons
38:48 Scale Barding Armor
38:59 Chain Mail Armor
39:32 Crop Rotation
40:21 Two-Man Saw
41:30 Banking
41:37 Guilds
Connection lost

Rejoining the realm…

Still unreachable

The connection could not be restored.

Session expired

The server has moved on; the page needs a fresh start.